 Dungeon Crawl Stone Soup version 0.28-a0-439-g4cf4cd4993 (webtiles) character file.

Game seed: 3736235811273725271

110140 djcjnce the Geomancer (level 16, -1/98 HPs)
             Began as a Gargoyle Earth Elementalist on Sept 11, 2021.
             Was a High Priest of Vehumet.
             Killed from afar by a salamander mystic (19 damage)
             ... with a lance of force
             ... on level 2 of the Snake Pit.
             The game lasted 01:26:16 (35949 turns).

djcjnce the Geomancer (GrEE)                       Turns: 35949, Time: 01:26:16

Health: -1/98      AC: 23    Str: 14    XL:     16   Next: 54%
Magic:  1/40       EV: 14    Int: 21    God:    Vehumet [*****.]
Gold:   494        SH:  0    Dex: 10    Spells: 1/37 levels left

rFire   . . .      SeeInvis .   C - +2 demon whip (venom)
rCold   + . .      Faith    .   (no shield)
rNeg    + . .      Spirit   .   T - +2 robe of Vines {NoPotionHeal Regen+++}
rPois   ∞          Reflect  .   O - +1 hat
rElec   +          Harm     .   h - +2 cloak
rCorr   .          Rampage  .   d - +0 pair of gloves
Will    +....                   r - +0 pair of boots
Stlth   ++........              K - amulet of regeneration
HPRegen 4.26/turn               u - ring of magical power
MPRegen 0.27/turn               i - +4 ring of slaying

@: weakened, flying
A: sickness immunity, AC +12, big wings, negative energy resistance 1,
electricity resistance, torment resistance 1, petrification resistance, cold
resistance 1
a: Renounce Religion


You were on level 2 of the Snake Pit.
You worshipped Vehumet.
Vehumet was extremely pleased with you.
You visited 5 branches of the dungeon, and saw 26 of its levels.
You also visited: Sewer and Ice Cave.

You collected 3603 gold pieces.
You spent 3109 gold pieces at shops.

Inventory:

Hand Weapons
 C - a +2 demon whip of venom (weapon)
 M - the +10 rapier of Action {vorpal, rPois rF++ Will+}
   (You took it off a naga on level 1 of the Snake Pit)

   It inflicts extra damage upon your enemies.
   rF:        It greatly protects you from fire.
   rPois:     It protects you from poison.
   Will:      It increases your willpower.
Missiles
 c - 717 stones
 l - 2 throwing nets
Armour
 d - a +0 pair of gloves (worn)
 h - a +2 cloak (worn)
 r - a +0 pair of boots (worn)
 O - a +1 hat (worn)
 T - the +2 robe of Vines (worn) {NoPotionHeal Regen+++}
   (You found it on level 10 of the Dungeon)

   Its wearer cannot be healed by potions.
   Regen:     It increases your rate of health regeneration.
Jewellery
 i - a +4 ring of slaying (right hand)
 u - a ring of magical power (left hand)
 B - a ring of see invisible
 D - a ring of wizardry
 G - a ring of resist corrosion
 K - an amulet of regeneration (around neck)
Wands
 k - a wand of charming (9)
 m - a wand of iceblast (13)
 v - a wand of polymorph (26)
 F - a wand of paralysis (5)
 I - a wand of mindburst (10)
Scrolls
 o - 2 scrolls of magic mapping
 s - a scroll of fog
 x - 3 scrolls of amnesia
 y - 9 scrolls of identify
 E - a scroll of immolation
 J - a scroll of summoning
 N - a scroll of holy word
 R - 6 scrolls of teleportation
 S - 3 scrolls of fear
 U - a scroll of blinking
Potions
 a - 2 potions of might
 e - 8 potions of cancellation
 f - a potion of haste
 g - 2 potions of mutation
 n - 2 potions of heal wounds
 p - 9 potions of curing
 q - 3 potions of magic
 t - 2 potions of invisibility
 w - 3 potions of resistance
 z - 4 potions of brilliance
 A - 3 potions of lignification
 H - 2 potions of berserk rage
 L - a potion of ambrosia
Miscellaneous
 b - a phantom mirror (inert)
 j - a condenser vane (inert)


   Skills:
 - Level 10.5 Fighting
 - Level 9.7 Maces & Flails
 - Level 6.0 Armour
 - Level 8.2 Dodging
 - Level 2.1 Stealth
 - Level 11.0 Spellcasting
 - Level 11.3 Conjurations
 - Level 0.7 Transmutations
 + Level 11.3 Fire Magic
 - Level 12.9 Earth Magic
 - Level 8.9 Evocations


You had one spell level left.
You knew the following spells:

 Your Spells              Type           Power      Damage    Failure   Level
a - Sandblast             Erth           100%       2d20      1%          1
b - Stone Arrow           Conj/Erth      100%       3d13      1%          3
c - Lee's Rapid Deconstr  Erth           30%        3d17*     1%          5
d - Iron Shot             Conj/Erth      29%        9d6       1%          6
e - Starburst             Conj/Fire      28%        6d9       2%          6
f - Fireball              Conj/Fire      28%        3d12      1%          5
g - Ignition              Fire           28%        3d9       63%         8
h - Passwall              Tmut/Erth      33%        N/A       1%          2

Your spell library contained the following spells:

 Spells                   Type           Power      Damage    Failure   Level
 Magic Dart               Conj           100%       1d8       1%          1
 Beastly Appendage        Tmut           28%        N/A       4%          1
 Sting                    Tmut/Pois      52%        1d5       4%          1
 Apportation              Tloc           22%        N/A       6%          1
 Searing Ray              Conj           100%       2d8       1%          2
 Inner Flame              Hex/Fire       35%        N/A       1%          3
 Mephitic Cloud           Conj/Pois/Air  27%        N/A       1%          3
 Fulminant Prism          Conj/Hex       17%        3d11      1%          4
 Poisonous Vapours        Pois/Air       22%        N/A       2%          2
 Petrify                  Tmut/Erth      40%        N/A       3%          4
 Lightning Bolt           Conj/Air       17%        1d32      4%          5
 Wereblood                Tmut           14%        N/A       7%          2
 Call Imp                 Summ           11%        N/A       9%          2
 Borgnjor's Vile Clutch   Necr/Erth      19%        N/A       12%         5
 Spider Form              Tmut/Pois      6%         N/A       16%         3
 Ozocubu's Armour         Ice            11%        N/A       17%         3
 Portal Projectile        Hex/Tloc       22%        N/A       17%         3
 Swiftness                Air            11%        N/A       17%         3
 Animate Dead             Necr           5%         N/A       50%         4
 Cause Fear               Hex            5%         N/A       50%         4
 Spellforged Servitor     Conj/Summ      17%        N/A       71%         7
 Alistair's Intoxication  Tmut/Pois      8%         N/A       80%         5
 Metabolic Englaciation   Hex/Ice        5%         N/A       85%         5
 Death Channel            Necr           5%         N/A       100%        6
 Invisibility             Hex            5%         N/A       100%        6
 Simulacrum               Ice/Necr       5%         N/A       100%        6
 Monstrous Menagerie      Summ           5%         N/A       100%        7
 Discord                  Hex            5%         N/A       100%        8


Dungeon Overview and Level Annotations

Branches:
Dungeon (15/15)            Temple (1/1) D:6            Lair (6/6) D:10
 Shoals (0/4) Lair:2        Snake (2/4) Lair:2          Orc (2/2) D:9
    Elf (0/3) Orc:2        Vaults (0/5) D:14         Depths (0/5) D:15
  Sewer (visited)           IceCv (visited)
  Slime: Lair:5-6

Altars:
Ashenzari
Elyvilon
Fedhas
Gozag
Kikubaaqudgha
Okawaru
Ru
Sif Muna
Trog
Vehumet
Wu Jian
Zin
The Shining One

Shops:
D:9 ?   D:10 (   Orc:2 [??((   Snake:1 *=[((

Annotations:
D:3 3 runed translucent doors, Decipherer's ghost, amateur MiBe; KARABOGA's ghost, amateur GnMo; anet's ghost, amateur GnDe; pablusdiablus's ghost, amateur GnWn
Lair:5 2 transporters, exclusion: 2 oklob plants, WhatIsLove's ghost, journeyman TrMo
Lair:6 3 runed translucent doors, Lybbagupt's ghost, journeyman SpEn
Orc:2 3 runed translucent doors, TZer0's ghost, journeyman VSBe


Innate Abilities, Weirdness & Mutations

You are immune to sickness and miasma.
Your stone body is resilient. (AC +12)
You are immune to poison.
Your large and strong wings let you fly.
You resist negative energy. (rN+)
You are resistant to electric shocks. (rElec)
You are resistant to unholy torment.
You are immune to petrification.
Your flesh is cold resistant. (rC+)


Message History

You are too injured to fight recklessly!
Unknown command.
You are too injured to fight recklessly!
Unknown command.
Unknown command.
You are too injured to fight recklessly!
Casting: Lee's Rapid Deconstruction (mildly dangerous; 1% risk of failure)
Confirm with . or Enter, or press ? or * to list all spells.
Aiming: Sandblast (safe; 1% risk of failure)
Press: ? - help, Shift-Dir - straight line, f/p - salamander mystic
Aim: a salamander mystic, wielding a +4 quarterstaff and wearing a +0 robe (heavily wounded, fast, 90% to hit)
Okay, then.
Unknown command.
Unknown command.
Casting: Sandblast (safe; 1% risk of failure)
Confirm with . or Enter, or press ? or * to list all spells.
Aiming: Sandblast (safe; 1% risk of failure)
Press: ? - help, Shift-Dir - straight line, f - salamander mystic, p - salamander mystic
Aim: a salamander mystic, wielding a +0 scimitar and wearing a +0 robe (almost dead, fast, extremely poisoned, ally target, 90% to hit)
The blast of sand hits the salamander mystic!!
You kill the salamander mystic!
Vehumet accepts your kill.
The salamander mystic hits you with a +4 quarterstaff.
You are engulfed in flames!
* * * LOW HITPOINT WARNING * * *
The salamander tyrant gazes fiercely through you!
You feel your attacks grow feeble.
The salamander hits you from afar with a +0 trident.
* * * LOW HITPOINT WARNING * * *
You are engulfed in flames!
* * * LOW HITPOINT WARNING * * *
Your salamander mystic hits the salamander mystic with a +4 quarterstaff!
The salamander mystic is engulfed in flames.
The salamander mystic completely resists.
Unknown command.
Okay, then.
Unknown command.
The salamander mystic casts a spell at you.
The lance of force hits you!!
You die...

..# ##.....#.>.....
...## #..............
#..<####.......!......
##...#....####..#####.
##......## #..#
##....## #..# ##+#
#....## #..####N.###
#....## ##..##NN)8..##
##..## ##...@.N#...).#
#### ##.....).###.)N.#
##..........###.....
##....######## N.8.
##....## N.. ##.)..##
.. #....## . ##...##
####### #...##
##.....#


You could see a salamander tyrant, a salamander mystic (fast, ally target), a
salamander (fast) and a friendly salamander mystic (summoned, fast, drained).

Vanquished Creatures
  2 fire dragons (D:15)
  8 vault guards (D:14)
  Erolcha (D:12)
  An ice dragon (Lair:5)
  A salamander tyrant (Snake:2)
  7 hydras
  4 boulder beetles
  An anaconda (Snake:1)
  3 naga warriors
  4 ogre magi (Orc:2)
  A catoblepas (Lair:6)
  3 centaur warriors
  18 two-headed ogres
  5 death yaks (Lair:5)
  The ghost of Zigma the Grappler, a novice DrTm of Makhleb (D:10)
  2 orc high priests
  2 salamander mystics (Snake:2)
  A naga ritualist (Snake:1)
  3 orc knights
  2 deep elf pyromancers
  2 mana vipers (Snake:1)
  5 salamanders
  4 lindwurms (D:10)
  3 orc sorcerers
  5 ugly things
  9 cyclopes
  2 manticores
  13 elephants
  4 naga magi
  16 black mambas
  12 cane toads
  A gargoyle (D:12)
  A kobold demonologist (D:14)
  5 rime drakes
  4 komodo dragons
  Maggie (D:7)
  2 unseen horrors
  2 ice devils (D:13)
  2 efreet (D:14)
  6 trolls
  A wind drake (Lair:2)
  11 polar bears
  5 hornets (Lair:6)
  A jumping spider (D:14)
  A wolf spider simulacrum (D:10)
  4 blink frogs
  6 dream sheep (Lair:5)
  3 redbacks (D:14)
  A centaur simulacrum (D:13)
  A tarantella (D:14)
  3 wraiths
  4 wyverns
  14 spriggans (Lair:6)
  20 orc warriors
  35 yaks
  7 basilisks
  3 fire bats (Lair:1)
  4 vampire mosquitoes
  10 nagas
  2 wargs
  5 acid dragons
  12 water moccasins
  A hornet zombie (D:6)
  4 ice beasts
  6 black bears
  A sky beast (D:6)
  2 necrophages (D:7)
  49 wolves
  4 boggarts (Lair:6)
  29 ogres
  14 centaurs
  3 phantoms
  A kobold brigand (D:7)
  7 bullfrogs
  4 scorpions
  9 wights
  3 electric eels (Lair:1)
  4 howler monkeys
  2 bullfrog zombies
  5 hounds
  6 centaur zombies
  3 gnoll shamans (D:7)
  A bullfrog skeleton (D:5)
  2 jellies
  11 orc priests
  2 centaur skeletons
  3 iguanas
  23 orc wizards
  A killer bee zombie (D:7)
  6 gnolls
  A howler monkey skeleton (D:7)
  6 howler monkey zombies
  10 adders
  2 river rats (Sewer)
  3 white imps (Lair:5)
  3 worms (D:2)
  2 dart slugs
  67 orcs
  7 ball pythons
  9 bats
  8 endoplasms
  5 giant cockroaches
  11 goblins
  12 hobgoblins
  5 quokkas
  7 frilled lizards
  13 kobolds
  3 rats
702 creatures vanquished.

Vanquished Creatures (collateral kills)
  A naga mage (Snake:2)
  An orc priest (D:9)
2 creatures vanquished.

Vanquished Creatures (others)
  A wyvern (D:9)
  An orc wizard (D:9)
  38 fungi
  57 plants
97 creatures vanquished.

Grand Total: 801 creatures vanquished

Notes
Turn   | Place    | Note
-------+----------+-------------------------------------------
     0 | D:1      | djcjnce the Gargoyle Earth Elementalist began the quest for
                  | the Orb.
     0 | D:1      | Reached XP level 1. HP: 10/10 MP: 3/3
   473 | D:1      | Reached XP level 2. HP: 12/15 MP: 5/5
   550 | D:1      | Reached skill level 4 in Earth Magic
   738 | D:1      | Found a faded altar of an unknown god.
  1891 | D:2      | Reached XP level 3. HP: 19/19 MP: 2/7
  1895 | D:2      | Learned a level 3 spell: Stone Arrow
  1898 | D:2      | Learned a level 2 spell: Passwall
  2546 | D:2      | Identified a scroll of acquirement
  2546 | D:2      | Acquired a +4 ring of slaying
  2560 | D:2      | Reached skill level 1 in Conjurations
  2739 | D:2      | Reached XP level 4. HP: 17/24 MP: 8/8
  3154 | D:3      | Found an ornate altar of the Wu Jian Council.
  3646 | D:3      | Found a runed translucent gate.
  3646 | D:3      | Found a runed translucent gate.
  3647 | D:3      | Found a runed translucent gate.
  3649 | D:3      | Noticed pablusdiablus's ghost (amateur GnWn)
  3650 | D:3      | Noticed Decipherer's ghost (amateur MiBe)
  3652 | D:3      | Noticed KARABOGA's ghost (amateur GnMo)
  3652 | D:3      | Noticed anet's ghost (amateur GnDe)
  3980 | D:4      | Reached skill level 5 in Earth Magic
  4009 | D:4      | Reached XP level 5. HP: 28/28 MP: 9/9
  4020 | D:4      | Found a glowing drain.
  4046 | Sewer    | Entered a sewer
  4411 | Sewer    | Reached XP level 6. HP: 32/32 MP: 11/11
  4658 | D:4      | Reached skill level 6 in Earth Magic
  4757 | D:4      | Found an iron altar of Okawaru.
  5106 | D:4      | Reached XP level 7. HP: 15/36 MP: 0/13
  5454 | D:5      | Entered Level 5 of the Dungeon
  5955 | D:5      | Identified the +8 hunting sling "Hell-Harrower" {venom,
                  | Str+4}
  6196 | D:5      | Reached skill level 1 in Fighting
  6202 | D:5      | Reached skill level 1 in Armour
  6202 | D:5      | Reached XP level 8. HP: 35/43 MP: 15/15
  6271 | D:5      | Reached skill level 1 in Maces & Flails
  6424 | D:5      | Identified the +5 shortbow of Doom {speed, rElec Str-3
                  | Int+8}
  6493 | D:5      | Reached skill level 1 in Evocations
  6507 | D:5      | Reached skill level 7 in Earth Magic
  6940 | D:6      | Reached skill level 5 in Spellcasting
  7449 | D:6      | Reached skill level 5 in Conjurations
  7654 | D:6      | HP: 2/45 [orc (7)]
  8150 | D:6      | Found a staircase to the Ecumenical Temple.
  8167 | D:6      | Reached XP level 9. HP: 49/49 MP: 0/17
  8299 | Temple   | Entered the Ecumenical Temple
  8338 | Temple   | Became a worshipper of Vehumet
  8576 | D:6      | Found a glowing silver altar of Zin.
  8577 | D:6      | Found a glowing golden altar of the Shining One.
  8578 | D:6      | Found a white marble altar of Elyvilon.
  9462 | D:7      | Reached skill level 8 in Earth Magic
  9556 | D:7      | Noticed a two-headed ogre
  9562 | D:7      | Killed a two-headed ogre
  9563 | D:7      | Reached XP level 10. HP: 20/57 MP: 5/18
  9903 | D:7      | Reached * piety under Vehumet
  9903 | D:7      | Offered knowledge of Freeze by Vehumet.
 10172 | D:7      | Identified the ring of Damueqiv {Ice Int+4}
 10213 | D:7      | Noticed a boulder beetle
 10216 | D:7      | Noticed a cyclops
 10217 | D:7      | Killed an unseen horror
 10221 | D:7      | Killed a cyclops
 10223 | D:7      | Killed a boulder beetle
 10420 | D:7      | Got the Collected Works on Flying Envenoming
 10423 | D:7      | Got the Volume of Ashen Weightlessness
 10649 | D:7      | Noticed Maggie
 10654 | D:7      | Killed Maggie
 10655 | D:7      | Reached skill level 5 in Fighting
 10655 | D:7      | Reached skill level 5 in Armour
 10774 | D:7      | Reached skill level 9 in Earth Magic
 11199 | D:8      | Reached skill level 5 in Maces & Flails
 11202 | D:8      | Reached ** piety under Vehumet
 11202 | D:8      | Offered knowledge of Foxfire by Vehumet.
 11287 | D:8      | Gained mutation: You are robust. (+10% HP) [potion of
                  | mutation]
 11287 | D:8      | Gained mutation: You are clumsy. (Dex -2) [potion of
                  | mutation]
 11287 | D:8      | Lost mutation: You are clumsy. (Dex -2) [potion of
                  | mutation]
 11288 | D:8      | Lost mutation: You are robust. (+10% HP) [potion of
                  | mutation]
 11288 | D:8      | Gained mutation: Your flesh is cold resistant. (rC+)
                  | [potion of mutation]
 11415 | D:8      | Reached XP level 11. HP: 64/64 MP: 12/20
 11896 | D:9      | Found Nonaz's Magic Scroll Emporium.
 11902 | D:9      | Bought a scroll of identify for 24 gold pieces
 11902 | D:9      | Bought a scroll of identify for 24 gold pieces
 11902 | D:9      | Bought a scroll of immolation for 42 gold pieces
 11902 | D:9      | Bought a scroll of identify for 24 gold pieces
 11902 | D:9      | Bought a scroll of enchant armour for 90 gold pieces
 11902 | D:9      | Bought a scroll of identify for 24 gold pieces
 11918 | D:9      | Found a staircase to the Orcish Mines.
 12389 | D:9      | Found a blossoming altar of Fedhas.
 12531 | D:9      | Found a shimmering blue altar of Sif Muna.
 12642 | D:9      | Offered knowledge of Ignite Poison by Vehumet.
 13116 | D:10     | Entered Level 10 of the Dungeon
 13149 | D:10     | Found a staircase to the Lair.
 13165 | D:10     | Reached skill level 5 in Evocations
 13409 | D:10     | Found a sacrificial altar of Ru.
 13454 | D:10     | Reached *** piety under Vehumet
 13851 | D:10     | Found a runed translucent gate.
 13852 | D:10     | Found a runed translucent gate.
 13853 | D:10     | Found a runed translucent gate.
 13856 | D:10     | Found an opulent altar of Gozag.
 13857 | D:10     | Noticed Zigma's ghost (novice DrTm)
 13857 | D:10     | Noticed a boulder beetle
 13857 | D:10     | Noticed a two-headed ogre
 13857 | D:10     | Found the +2 robe of Vines {NoPotionHeal Regen+++}
 13858 | D:10     | Noticed a cyclops
 14001 | D:10     | Found Zoceyro's Antique Weapon Shop.
 14007 | D:10     | Bought a glowing morningstar for 161 gold pieces
 14024 | D:10     | Reached skill level 5 in Dodging
 14309 | D:10     | Noticed a lindwurm
 14309 | D:10     | Noticed a lindwurm
 14310 | D:10     | Noticed a lindwurm
 14313 | D:10     | Noticed a lindwurm
 14316 | D:10     | Killed a lindwurm
 14316 | D:10     | Killed a lindwurm
 14317 | D:10     | Killed a lindwurm
 14319 | D:10     | Killed a lindwurm
 14320 | D:10     | Reached skill level 10 in Earth Magic
 14335 | D:10     | Identified the +9 dagger of Pabomm {freeze, rF- Will-
                  | Dex+8}
 14337 | D:10     | Got the Guide on the Voyage and the Escort
 14338 | D:10     | Identified the +3 glaive of Checkmate {drain, rElec Int+4}
 14404 | D:11     | Noticed a cyclops
 14409 | D:11     | Killed a cyclops
 14410 | D:11     | Reached XP level 12. HP: 65/68 MP: 13/23
 16406 | D:12     | Noticed a five-headed hydra
 16410 | D:12     | Killed a five-headed hydra
 16679 | D:12     | Noticed Erolcha
 16855 | D:12     | Killed Erolcha
 17120 | D:13     | Noticed a centaur warrior
 17132 | D:13     | Killed a centaur warrior
 17152 | D:13     | Noticed a two-headed ogre
 17155 | D:13     | Killed a two-headed ogre
 17217 | D:13     | Found a frozen archway.
 17233 | IceCv    | Entered an ice cave
 17242 | IceCv    | Offered knowledge of Dazzling Flash by Vehumet.
 17606 | IceCv    | Noticed a death yak
 18295 | D:13     | Found a white marble altar of Elyvilon.
 18576 | D:13     | Reached XP level 13. HP: 61/78 MP: 9/25
 18893 | D:14     | Noticed a vault guard
 18893 | D:14     | Noticed a vault guard
 18894 | D:14     | Found a gate to the Vaults.
 18894 | D:14     | Noticed a vault guard
 18894 | D:14     | Noticed a vault guard
 18894 | D:14     | Noticed a vault guard
 18895 | D:14     | Noticed a vault guard
 18895 | D:14     | Noticed a vault guard
 18896 | D:14     | Noticed a vault guard
 18915 | D:14     | Killed a vault guard
 18916 | D:14     | Reached skill level 11 in Earth Magic
 18916 | D:14     | Killed a vault guard
 18920 | D:14     | Killed a vault guard
 18922 | D:14     | Killed a vault guard
 18922 | D:14     | Killed a vault guard
 18931 | D:14     | Killed a vault guard
 18932 | D:14     | Killed a vault guard
 18933 | D:14     | Killed a vault guard
 19499 | D:14     | Reached **** piety under Vehumet
 19643 | D:14     | Offered knowledge of Flame Wave by Vehumet.
 20198 | Lair:1   | Entered Level 1 of the Lair of Beasts
 21083 | Lair:1   | Reached skill level 10 in Conjurations
 21436 | Lair:2   | Found a staircase to the Shoals.
 22281 | Lair:2   | Gained mutation: Your large and strong wings let you fly.
                  | [Gargoyle growth]
 22281 | Lair:2   | Reached XP level 14. HP: 49/86 MP: 4/27
 22995 | Lair:2   | Identified the amulet "Ethrusm" {Spirit Dex+2}
 23333 | Lair:2   | Found a staircase to the Snake Pit.
 24195 | Lair:3   | Reached skill level 12 in Earth Magic
 24725 | Lair:3   | Reached ***** piety under Vehumet
 27519 | Lair:5   | Found a bloodstained altar of Trog.
 27519 | Lair:5   | Noticed WhatIsLove's ghost (journeyman TrMo)
 27521 | Lair:5   | Found a transporter.
 27553 | Lair:5   | Offered knowledge of Sticky Flame by Vehumet.
 27909 | Lair:5   | Found a transporter.
 28302 | Lair:5   | Reached skill level 10 in Fighting
 28915 | D:10     | Killed Zigma's ghost
 29293 | Lair:6   | Entered Level 6 of the Lair of Beasts
 29432 | Lair:6   | Reached XP level 15. HP: 92/92 MP: 28/28
 29673 | Lair:6   | Reached skill level 10 in Spellcasting
 29862 | Lair:6   | Learned a level 5 spell: Fireball
 29869 | Lair:6   | Learned a level 6 spell: Starburst
 29890 | Lair:6   | Reached skill level 1 in Fire Magic
 30446 | Lair:6   | Found a runed translucent gate.
 30447 | Lair:6   | Found a runed translucent gate.
 30448 | Lair:6   | Found a runed translucent gate.
 30451 | Lair:6   | Noticed Lybbagupt's ghost (journeyman SpEn)
 31275 | Orc:1    | Entered Level 1 of the Orcish Mines
 31287 | Orc:1    | Offered knowledge of Iron Shot by Vehumet.
 31296 | Orc:1    | Learned a level 6 spell: Iron Shot
 31531 | Orc:2    | Entered Level 2 of the Orcish Mines
 31531 | Orc:2    | Found Vumoura's Magic Scroll Shop.
 31733 | Orc:2    | Found Mozatorr's Armour Shoppe.
 31733 | Orc:2    | Found Qeri's Weapon Boutique.
 31737 | Orc:2    | Found Jeferriptio's Weapon Emporium.
 31737 | Orc:2    | Found Qoirch's Magic Scroll Boutique.
 31745 | Orc:2    | Noticed TZer0's ghost (journeyman VSBe)
 31788 | Orc:2    | Offered knowledge of Ozocubu's Refrigeration by Vehumet.
 32045 | Orc:2    | Reached XP level 16. HP: 24/98 MP: 31/31
 32297 | Orc:2    | Bought a scroll of acquirement for 572 gold pieces
 32306 | Orc:2    | Acquired 797 gold pieces
 32339 | Orc:2    | Bought a scroll of acquirement for 832 gold pieces
 32343 | Orc:2    | Acquired a +1 demon whip of venom
 32376 | Orc:2    | Bought a scroll of teleportation for 33 gold pieces
 32376 | Orc:2    | Bought a scroll of teleportation for 33 gold pieces
 32376 | Orc:2    | Bought a scroll of magic mapping for 38 gold pieces
 32376 | Orc:2    | Bought a scroll of enchant weapon for 82 gold pieces
 32376 | Orc:2    | Bought a scroll of teleportation for 33 gold pieces
 32376 | Orc:2    | Bought a scroll of holy word for 82 gold pieces
 32376 | Orc:2    | Bought a scroll of blinking for 82 gold pieces
 32422 | Orc:2    | Found a runed translucent gate.
 32422 | Orc:2    | Found a runed translucent gate.
 32425 | Orc:2    | Found a runed translucent gate.
 32491 | Orc:2    | Found a staircase to the Elven Halls.
 33232 | D:15     | Entered Level 15 of the Dungeon
 34182 | D:15     | Found a staircase to the Depths.
 34452 | Snake:1  | Entered Level 1 of the Snake Pit
 34578 | Snake:1  | Found Dirinasi's Antique Armour Emporium.
 34725 | Snake:1  | Bought a pair of gloves for 112 gold pieces
 34725 | Snake:1  | Bought a pair of boots for 112 gold pieces
 34735 | Snake:1  | Bought a glowing cloak for 187 gold pieces
 34857 | Snake:1  | Learned a level 8 spell: Ignition
 34888 | Snake:1  | Reached skill level 10 in Fire Magic
 34912 | Snake:1  | Found Plog's Jewellery Shop.
 34930 | Snake:1  | Bought an amulet of regeneration for 330 gold pieces
 35081 | Snake:1  | Found Dethib's Antique Weapon Boutique.
 35200 | Snake:1  | Identified the +10 rapier of Action {vorpal, rPois rF++
                  | Will+}
 35400 | Snake:1  | Identified the +0 buckler of a Million Violins {Contam
                  | Will+ Str+6}
 35428 | Snake:1  | Offered knowledge of Lee's Rapid Deconstruction by Vehumet.
 35435 | Snake:1  | Learned a level 5 spell: Lee's Rapid Deconstruction
 35517 | Snake:1  | Found Wiucs's Antique Weapon Shop.
 35588 | Snake:1  | Found Ediacik's Assorted Antiques.
 35597 | Snake:1  | Bought a potion of magic for 192 gold pieces
 35934 | Snake:2  | Noticed a nagaraja
 35949 | Snake:2  | Killed from afar by a salamander mystic

Illustrated notes

Levels and vault maps discovered:
D:1:      dpeg_arrival_court, layout_loops_ring,
          shapermc_ecumenical_altar_mp_ritualfount,
          chequers_serial_rivers_micro_d
D:2:      layout_loops_corners, due_unseen_surprise
D:3:      layout_loops_cross, nzn_wu_jian_council_hall, gammafunk_ghost_cemetery
D:4:      layout_basic, okawaru_altar_gauntlet_db, cheibrodos_sewer_entry_drain
D:5:      corexii_shantytown, layout_cave_pods
D:6:      layout_basic, good_gods_temple_1, minmay_temple_entry_large_hall
D:7:      minmay_the_grid_octo_tiled_squarecenter [minmay_the_grid_octo_teeth,
          minmay_the_grid_octo_chip, minmay_the_grid_octo_fan_narrow,
          minmay_the_grid_octo_toaster,
          minmay_the_grid_square_5x5_megaprize_crossed,
          minmay_the_grid_square_5x5_misaligned,
          minmay_the_grid_square_5x5_detours,
          minmay_the_grid_square_5x5_broken_cross,
          minmay_the_grid_square_5x5_fat_x], layout_loops_cross, uniq_maggie
D:8:      layout_basic
D:9:      layout_roguey, kennysheep_orc_sif_temple, fedhas_altar_fruit_tree,
          orc_david_3, serial_shops, shop_scrolls
D:10:     layout_roguey, kennysheep_mini, david_lair_generic,
          ebering_ghost_gozag, serial_shops, shop, minmay_lindwurm_lava
D:11:     layout_stronghold
D:12:     layout_basic, uniq_erolcha
D:13:     layout_roguey, portal_ice_cave_demonic_guard,
          nicolae_elyvilon_peaceful_grove
D:14:     layout_big_octagon, erik_vaults_2
D:15:     grunt_enter_depths_hoard, layout_irregular_city, serial_glass,
          glass_columns_b, glass_columns_a, glass_columns_a, patterned_corridor
Temple:   dpeg_chambers_temple
Lair:1:   layout_loops_ring, nicolae_volcano_entry_batcave,
          nicolae_quartered_pool_medium, lemuel_fruit_tree, grunt_megastairs_2,
          serial_bayou_shore_a
Lair:2:   nzn_winding_woodlands_small [nzn_winding_woodlands_5x15_twine,
          nzn_winding_woodlands_center_diamonds,
          nzn_winding_woodlands_5x15_zeroes], layout_cave_pods,
          minmay_shoals_entry_beasts
Lair:3:   layout_hall_layers
Lair:4:   layout_loops_ring, serial_bayou_ford_a
Lair:5:   beast_lair_carwin_large_1, layout_long_grid,
          minmay_slime_entry_oklob_enclosed, gammafunk_ghost_wrathful_warriors,
          chequers_serial_rivers_micro_c, bobbens_ice_dragon_lair
Lair:6:   minmay_lair_end_enchanted_forest, layout_loops_ring,
          gammafunk_ghost_split, lookout_lair_type
Snake:1:  layout_honeycomb, serial_shops, shop, nicolae_shop_window_shopping,
          nicolae_shop_temple_entry_statues_fountains, nicolae_shop_waterfront,
          shop
Snake:2:  layout_concentric_octagons, gammafunk_ghost_grave,
          serial_bayou_crossing, grunt_megastairs_4, minmay_shoptagon,
          serial_bayou_shore_b
Orc:1:    layout_diamond_mine
Orc:2:    st_orc_ogre_mass, layout_caves, gammafunk_ghost_split, serial_shops,
          shop

Skill      XL: |  1  2  3  4  5  6  7  8  9 10 11 12 13 14 15 16 |
---------------+-------------------------------------------------+-----
Earth Magic    | 4 5 6 7 8 9 10 11 12 | 12.9
Conjurations   | 1 2 3 4 5 6 7 8 9 10 11 | 11.3
Spellcasting   | 3 4 5 6 7 8 9 11 | 11.0
Fighting       | 1 2 4 5 6 7 9 10 | 10.5
Armour         | 1 2 4 5 6 |  6.0
Maces & Flails | 2 4 5 6 7 8 9 |  9.7
Evocations     | 2 3 4 5 6 7 8 |  8.9
Dodging        | 2 3 4 5 6 7 8 |  8.2
Fire Magic     | 7 11 | 11.3
Stealth        | |  2.1
Transmutations | |  0.7

Action                   |  1- 3 |  4- 6 |  7- 9 | 10-12 | 13-15 | 16-18 || total
-------------------------+-------+-------+-------+-------+-------+-------++-------
Melee: Unarmed           |    36 |       |       |       |       |       ||    36
       Dagger            |    84 |     3 |       |       |       |       ||    87
       Short sword       |       |   114 |   212 |    55 |       |       ||   381
       Mace              |       |    20 |       |       |       |       ||    20
       Scimitar          |       |       |       |   197 |    95 |       ||   292
       Flail             |       |       |       |       |   435 |     2 ||   437
       Demon whip        |       |       |       |       |       |   196 ||   196
 Cast: Sandblast         |    31 |    18 |    72 |    43 |    30 |     4 ||   198
       Passwall          |     2 |       |       |       |       |       ||     2
       Stone Arrow       |       |     2 |    17 |   133 |   355 |     2 ||   509
       Fireball          |       |       |       |       |    26 |     5 ||    31
       Starburst         |       |       |       |       |     3 |     9 ||    12
       Iron Shot         |       |       |       |       |     2 |    51 ||    53
       Lee's Rapid Decon |       |       |       |       |       |     3 ||     3
Evoke: Wand              |       |       |       |    19 |    26 |     3 ||    48
       Phantom mirror    |       |       |       |     1 |       |     1 ||     2
       Condenser vane    |       |       |       |       |     3 |     1 ||     4
  Use: Scroll            |     4 |     3 |     7 |    23 |     8 |     5 ||    50
       Potion            |       |       |       |    10 |     5 |       ||    15
 Stab: Sleeping          |     2 |     5 |     4 |     1 |     1 |       ||    13
       Invisible         |       |       |       |       |     2 |       ||     2
Armor: Robe              |    74 |    43 |    83 |     5 |   200 |    91 ||   496
       Leather armour    |       |       |       |   243 |   284 |       ||   527
Dodge: Dodged            |    99 |    82 |   149 |   291 |   678 |   129 ||  1428

Table legend: (Time is in decaauts)
 A = Elapsed time spent in this place.
 B = Non-inter-level travel time spent in this place.
 C = Inter-level travel time spent in this place.
 D = Time resting spent in this place.
 E = Time spent auto-exploring this place.
 F = Levels seen in this place.
 G = Mean time per level.
                   A        B        C        D        E       F      G
               +--------+--------+--------+--------+--------+-----+--------+
         Total |  35986 |  34571 |   1415 |   3763 |  25513 |  28 | 1285.2 |
       Dungeon |  20910 |  20134 |    776 |   2236 |  15201 |  15 | 1394.0 |
        Temple |     47 |     19 |     28 |      0 |     17 |   1 |   47.0 |
          Lair |  10744 |  10348 |    396 |    681 |   7974 |   6 | 1790.7 |
     Snake Pit |   1431 |   1374 |     57 |      0 |   1029 |   2 |  715.5 |
  Orcish Mines |   1820 |   1663 |    157 |    507 |    776 |   2 |  910.0 |
         Sewer |    626 |    626 |      0 |      0 |    505 |   1 |  626.0 |
      Ice Cave |    405 |    405 |      0 |    339 |     10 |   1 |  405.0 |
               +--------+--------+--------+--------+--------+-----+--------+

Top non-repeatable levels by time:
  Lair:2: 2816 daAuts
     D:7: 2363 daAuts
  Lair:5: 2252 daAuts
    D:10: 1935 daAuts
  Lair:6: 1866 daAuts
     D:6: 1709 daAuts
    D:11: 1679 daAuts
     D:2: 1545 daAuts
     D:1: 1511 daAuts
     D:5: 1427 daAuts
    D:13: 1371 daAuts
    D:14: 1339 daAuts
  Lair:1: 1336 daAuts
     D:9: 1328 daAuts
  Lair:3: 1304 daAuts
